 Dungeon Crawl Stone Soup version 0.23-a0-295-g2e428d4 (webtiles) character file.

7697 Ijustatesigmund the Covert (level 11, -5/72 HPs)
             Began as an Octopode Wizard on Oct 4, 2018.
             Was the Champion of Cheibriados.
             Slain by a two-headed ogre
             ... wielding a +0 giant club
              (11 damage)
             ... on level 10 of the Dungeon.
             The game lasted 00:37:58 (11589 turns).

Ijustatesigmund the Covert (Octopode Wizard)       Turns: 11589, Time: 00:37:59

Health: -5/72      AC:  7    Str: 23    XL:     11   Next: 19%
Magic:  13/23      EV: 20    Int: 35    God:    Cheibriados [******]
Gold:   307        SH:  0    Dex: 28    Spells: 7/16 levels left

rFire    . . .     SeeInvis .   b - +5 morningstar (freeze)
rCold    . . .     Gourm    .   (no shield)
rNeg     . . .     Faith    .   a - +2 hat
rPois    .         Spirit   .   l - amulet of regeneration
rElec    .         Reflect  .   d - ring of magical power
rCorr    .         Harm     .   o - +4 ring of protection
MR       .....                  (no ring)
Stlth    ++++++....             (no ring)
HPRegen  0.00/turn              (no ring)
MPRegen  0.18/turn              (no ring)
                                (no ring)
                                (no ring)

@: very slow
A: almost no armour, stealthy swim, amphibious, 8 rings, constrict 8, camouflage
1, low mp 1, inhibited regeneration, gelatinous body 1, MP-powered wands
a: Bend Time, Temporal Distortion, Slouch, Step From Time, Renounce Religion


You were on level 10 of the Dungeon.
You worshipped Cheibriados.
Cheibriados was exalted by your worship.
You were very hungry.

You visited 1 branch of the dungeon, and saw 10 of its levels.
You also visited: Ossuary.

You collected 613 gold pieces.
You spent 306 gold pieces at shops.

Inventory:

Hand Weapons
 b - a +5 morningstar of freezing (weapon)
Missiles
 p - 4 tomahawks of dispersal (quivered)
Armour
 a - a +2 hat (worn)
Jewellery
 d - a ring of magical power (left tentacle)
 l - an amulet of regeneration (around mantle)
 n - an uncursed ring of ice
 o - a +4 ring of protection (right tentacle)
Wands
 e - a wand of paralysis (13)
 g - a wand of digging (8)
 k - a wand of polymorph (28)
Scrolls
 h - a scroll of amnesia
 m - 3 scrolls of remove curse
 q - 2 scrolls of torment
 r - 4 scrolls of magic mapping
 s - a scroll of teleportation
 t - 4 scrolls of identify
 u - a scroll of immolation
 v - a scroll of acquirement {unknown}
Potions
 f - 3 potions of flight
 i - 3 potions of heal wounds
 j - 3 potions of curing
Miscellaneous
 w - a sack of spiders
Comestibles
 c - 13 rations


   Skills:
 - Level 5.7 Fighting
 - Level 5.2 Maces & Flails
 + Level 6.4 Dodging
 - Level 8.5 Stealth
 - Level 3.0 Spellcasting
 - Level 6.0 Conjurations
   Level 1.0 Summonings
 - Level 2.5 Translocations
 - Level 2.2 Fire Magic
 - Level 4.0 Air Magic
 - Level 3.6 Poison Magic
 - Level 7.1 Invocations
 - Level 6.2 Evocations


You had 7 spell levels left.
You knew the following spells:

 Your Spells              Type           Power        Failure   Level  Hunger
a - Magic Dart            Conj           ####         1%          1    None
b - Blink                 Tloc           N/A          2%          2    None
c - Conjure Flame         Conj/Fire      ####....     2%          3    ##.....
d - Mephitic Cloud        Conj/Pois/Air  #####...     2%          3    ##.....

Your spell library contained the following spells:

 Spells                   Type           Power        Failure   Level  Hunger
 Call Imp                 Summ           ##......     4%          2    None
 Slow                     Hex            #.......     8%          2    None


Dungeon Overview and Level Annotations

Branches:
Dungeon (10/15)            Temple (0/1) D:5
   Lair: D:8-11         Orc: D:9-12

Altars:
Ashenzari
Cheibriados
Elyvilon
Gozag
Hepliaklqana
Kikubaaqudgha
Yredelemnul

Shops:
D:7 ?   D:9 ?


Innate Abilities, Weirdness & Mutations

You cannot wear most types of armour.
You are very stealthy in the water. (Stealth+)
You are amphibious.
You can wear up to eight rings at the same time.
You can use your tentacles to constrict eight enemies at once.
Your skin changes colour to match your surroundings (Stealth+).
Your rubbery body absorbs attacks. (AC +1, EV +1)
Your magical capacity is low. (-10% MP)
You do not regenerate when monsters are visible.
You expend magic power (3 MP) to strengthen your wands.


Message History

You feel sick.
The two-headed ogre is engulfed in a cloud of scalding steam.
The two-headed ogre is engulfed in a cloud of scalding steam.
You feel sick.
You feel sick.
You feel sick.
You are no longer poisoned.
Evoke which item? (* to show all) (? for menu, Esc to quit)
Okay, then.
The two-headed ogre shouts in stereo!
The two-headed ogre misses you. x2
The two-headed ogre completely misses you.
The two-headed ogre barely misses you. The hungry ghost closely misses you.
Really walk into a travel-excluded area?
The hungry ghost hits you.
You are feeling very hungry.
The two-headed ogre hits you with a giant club!
* * * LOW HITPOINT WARNING * * *
The two-headed ogre hits you with a giant club!
You die...

##########
#........#########
#..........≈≈....#
#...≈.....≈≈≈....#
#..≈≈≈≈..≈≈.≈≈...#
#.≈≈≈≈≈.≈≈≈≈≈≈§..#
#.≈≈≈≈≈≈≈≈≈≈.≈....
#OW≈≈≈≈§§≈≈≈≈≈....
#@..≈≈≈≈§≈≈≈≈..≈..
#....≈≈§§§≈≈≈.....
#.....≈≈≈§§≈§.....
#......≈≈§§≈§§....
#......≈≈§ §.§....
#..≈...≈≈ ≈§.....
#.≈≈≈...≈ ≈......
#.≈≈....≈ ≈......


You could see a two-headed ogre and a hungry ghost.

Vanquished Creatures
  A two-headed ogre (D:9)
  Pikel (D:9)
  Psyche (D:9)
  A queen bee (D:10)
  2 hornets (D:9)
  A troll (D:10)
  A hippogriff (D:8)
  A wyvern (D:8)
  3 yaks (D:9)
  A hungry ghost (D:8)
  A soldier ant (D:9)
  Duvessa (D:7)
  A sky beast (D:8)
  3 orc warriors (D:9)
  5 ice beasts
  7 ogres
  3 phantoms
  A necrophage (D:9)
  5 bullfrogs
  Dowan (D:7)
  2 scorpions (D:10)
  11 killer bees (D:10)
  5 wights (D:7)
  3 howler monkeys
  3 crimson imps
  A quasit (D:5)
  A bullfrog zombie (D:5)
  3 hounds
  A jelly (D:8)
  A centaur skeleton (D:3)
  2 human zombies (Ossuary)
  13 orc wizards
  5 orc priests
  Ijyb (D:3)
  4 iguanas
  5 worker ants
  A big kobold zombie (Ossuary)
  2 mummies (Ossuary)
  A howler monkey zombie (D:7)
  2 worker ant zombies
  6 adders
  5 shadow imps
  2 oozes
  2 adder skeletons
  3 worms
  A dart slug (D:1)
  3 leopard geckos
  35 orcs
  5 bats
  9 giant cockroaches
  8 goblins
  12 hobgoblins
  6 jackals
  7 quokkas
  2 ball pythons
  8 frilled lizards
  4 goblin zombies (Ossuary)
  8 hobgoblin zombies (Ossuary)
  2 jackal zombies (Ossuary)
  A kobold (D:2)
  11 kobold zombies (Ossuary)
  A leopard gecko skeleton (D:6)
  9 orc zombies (Ossuary)
  A quokka skeleton (D:6)
  A quokka zombie (D:8)
  8 rats
268 creatures vanquished.

Vanquished Creatures (others)
  A hippogriff (D:9)
  A slave (D:9)
  A centaur (D:9)
  A killer bee (D:10)
  A bullfrog zombie (D:10)
5 creatures vanquished.

Grand Total: 273 creatures vanquished

Notes
Turn   | Place    | Note
-------+----------+-------------------------------------------
     0 | D:1      | Ijustatesigmund the Octopode Wizard began the quest for the
                  | Orb.
     0 | D:1      | Reached XP level 1. HP: 11/11 MP: 4/4
   494 | D:1      | Reached XP level 2. HP: 17/17 MP: 3/6
   498 | D:1      | Learned a level 2 spell: Blink
  1172 | D:1      | Reached XP level 3. HP: 10/21 MP: 5/7
  1379 | D:2      | Learned a level 3 spell: Conjure Flame
  1776 | D:2      | Reached XP level 4. HP: 27/27 MP: 5/8
  1796 | D:2      | Found an opulent altar of Gozag.
  2050 | D:2      | Found a shattered altar of Ashenzari.
  2050 | D:2      | Found a snail-covered altar of Cheibriados.
  2429 | D:2      | Became a worshipper of Cheibriados the Contemplative
  2513 | D:3      | Noticed an ice beast
  2524 | D:3      | Killed an ice beast
  2524 | D:3      | Reached XP level 5. HP: 5/31 MP: 6/9
  3807 | D:3      | Reached * piety under Cheibriados
  4132 | D:3      | Noticed Ijyb
  4137 | D:3      | Killed Ijyb
  4137 | D:3      | Reached skill level 1 in Fighting
  4137 | D:3      | Reached XP level 6. HP: 38/38 MP: 5/10
  4260 | D:3      | Found a basalt altar of Yredelemnul.
  5000 | D:4      | Reached skill level 3 in Stealth
  5000 | D:4      | Reached XP level 7. HP: 43/45 MP: 3/11
  5013 | D:4      | Reached skill level 1 in Fire Magic
  5106 | D:4      | Gained mutation: Your magical capacity is low. (-10% MP)
                  | [potion of mutation]
  5106 | D:4      | Gained mutation: You do not regenerate when monsters are
                  | visible. [potion of mutation]
  5106 | D:4      | Gained mutation: You expend magic power (3 MP) to
                  | strengthen your wands. [potion of mutation]
  5327 | D:4      | Learned a level 3 spell: Mephitic Cloud
  5350 | D:4      | Reached skill level 1 in Air Magic
  5350 | D:4      | Reached skill level 1 in Poison Magic
  5851 | D:5      | Entered Level 5 of the Dungeon
  6061 | D:5      | Reached ** piety under Cheibriados
  6070 | D:5      | Found a staircase to the Ecumenical Temple.
  6220 | D:5      | Reached XP level 8. HP: 49/50 MP: 11/11
  6703 | D:5      | Found a hazy altar of Hepliaklqana.
  7335 | D:6      | Reached skill level 1 in Maces & Flails
  7345 | D:6      | Reached *** piety under Cheibriados
  7514 | D:6      | Found an ancient bone altar of Kikubaaqudgha.
  7577 | D:6      | Found a sand-covered staircase.
  7581 | Ossuary  | Entered an ossuary
  7881 | Ossuary  | Reached **** piety under Cheibriados
  7918 | Ossuary  | Reached skill level 5 in Maces & Flails
  8270 | D:7      | Reached XP level 9. HP: 54/54 MP: 12/12
  8441 | D:7      | Found Oxtil's Magic Scroll Emporium.
  8453 | D:7      | Bought a scroll of teleportation for 45 gold pieces
  8453 | D:7      | Bought a scroll of magic mapping for 52 gold pieces
  8620 | D:7      | Noticed Duvessa
  8621 | D:7      | Noticed Dowan
  8629 | D:7      | Killed Duvessa
  8629 | D:7      | Reached skill level 5 in Invocations
  8637 | D:7      | Reached ***** piety under Cheibriados
  8650 | D:7      | Killed Dowan
  8977 | D:7      | Bought a scroll of magic mapping for 52 gold pieces
  8977 | D:7      | Bought a scroll of teleportation for 45 gold pieces
  8977 | D:7      | Bought a scroll of enchant weapon for 112 gold pieces
  9033 | D:8      | Reached skill level 5 in Conjurations
  9187 | D:8      | Found a white marble altar of Elyvilon.
  9398 | D:8      | Reached skill level 4 in Stealth
  9760 | D:8      | Reached skill level 5 in Stealth
  9760 | D:8      | Reached XP level 10. HP: 63/63 MP: 13/13
 10187 | D:9      | Found Atuuv's Magic Scroll Boutique.
 10204 | D:9      | Noticed Psyche
 10223 | D:9      | Reached skill level 6 in Stealth
 10223 | D:9      | Noticed a two-headed ogre
 10414 | D:9      | Killed a two-headed ogre
 10492 | D:9      | Paralysed by a hornet for 2 turns
 10499 | D:9      | Reached skill level 7 in Stealth
 10499 | D:9      | Reached skill level 5 in Evocations
 10966 | D:9      | Reached skill level 5 in Fighting
 11077 | D:9      | Noticed Pikel
 11083 | D:9      | Killed Psyche
 11083 | D:9      | Reached skill level 8 in Stealth
 11086 | D:9      | Killed Pikel
 11351 | D:9      | Reached XP level 11. HP: 70/72 MP: 14/14
 11465 | D:10     | Entered Level 10 of the Dungeon
 11522 | D:10     | Reached skill level 5 in Dodging
 11555 | D:10     | Reached ****** piety under Cheibriados
 11568 | D:10     | Noticed a two-headed ogre
 11589 | D:10     | Slain by a two-headed ogre

Vault maps used:
D:1:      minmay_arrival_four_circles
D:2:      gammafunk_temple_overflow_wave, minmay_misc_feat_x,
          corexii_item_surrounded_by_moat, serial_bayou_pond_c,
          nicolae_gozag_cash_rules_everything_around_me
D:3:      lemuel_round_altar, uniq_ijyb
D:4:      first_ration
D:5:      lemuel_round_altar, temple_doors_cd
D:6:      enter_ossuary_5, basic_altar
D:7:      serial_shops, nicolae_shop_waterfront, uniq_duvessa
D:8:      elyvilon_altar_1
D:9:      serial_shops, shop, hangedman_pestilent_swarm, uniq_pikel, uniq_psyche
D:10:     david_lair_generic, special_room, lemuel_old_faithful, uniq_sonja,
          uniq_fannar
Ossuary:  ossuary_tomb_1

Skill      XL: |  1  2  3  4  5  6  7  8  9 10 11 |
---------------+----------------------------------+-----
Conjurations   | 2 3 6 |  6.0
Translocations | 2 |  2.5
Invocations    | 2 3 4 7 |  7.1
Evocations     | 2 3 6 |  6.2
Fighting       | 1 2 3 5 |  5.7
Dodging        | 3 4 6 |  6.4
Stealth        | 3 5 8 |  8.5
Fire Magic     | 1 2 |  2.2
Air Magic      | 3 4 |  4.0
Poison Magic   | 2 3 |  3.6
Maces & Flails | 5 |  5.2
Spellcasting   | |  3.0
Summonings     | |  1.0

Action                   |  1- 3 |  4- 6 |  7- 9 | 10-12 || total
-------------------------+-------+-------+-------+-------++-------
Melee: Mace              |    27 |     5 |    55 |       ||    87
       Constrict         |     5 |     4 |    51 |    27 ||    87
       Tentacles         |     2 |     4 |    48 |    27 ||    81
       Morningstar       |       |       |   145 |    94 ||   239
 Cast: Magic Dart        |    65 |   106 |   206 |    96 ||   473
       Blink             |       |     1 |     5 |     5 ||    11
       Mephitic Cloud    |       |       |    11 |    20 ||    31
       Conjure Flame     |       |       |     1 |     1 ||     2
Evoke: Wand              |       |     7 |     5 |     7 ||    19
  Use: Scroll            |     4 |     8 |     9 |     3 ||    24
       Potion            |       |     3 |     2 |     2 ||     7
 Stab: Sleeping          |       |     1 |    10 |     1 ||    12
       Confused          |       |       |     2 |     7 ||     9
       Distracted        |       |       |     1 |       ||     1
       Paralysed         |       |       |       |     3 ||     3
  Eat: Chunk             |     3 |     4 |     4 |     2 ||    13
       Ration            |       |     1 |     2 |       ||     3
Armor: Skin              |     6 |     4 |    39 |    26 ||    75
Dodge: Dodged            |    41 |    20 |   161 |    85 ||   307

Table legend:
 A = Non-vault XP
 B = Vault XP
 C = Vault XP percentage of total XP
 D = Non-vault monster count
 E = Vault monster count
 F = Vault count percentage of total count
                 A         B        C        D         E       F
            +---------+---------+-------+---------+---------+-------
      Total |    7785 |    3212 |  29.2 |     208 |      61 |  22.7
            +---------+---------+-------+---------+---------+-------
        D:1 |      35 |       0 |   0.0 |      21 |       0 |   0.0
        D:2 |      70 |       0 |   0.0 |      23 |       0 |   0.0
        D:3 |     208 |      36 |  14.8 |      19 |       1 |   5.0
        D:4 |     606 |       0 |   0.0 |      19 |       0 |   0.0
        D:5 |     575 |       0 |   0.0 |      36 |       0 |   0.0
        D:6 |     606 |       0 |   0.0 |      16 |       0 |   0.0
        D:7 |     641 |     235 |  26.8 |      17 |       2 |  10.5
        D:8 |    1620 |       0 |   0.0 |      19 |       0 |   0.0
        D:9 |    2817 |    1840 |  39.5 |      30 |       6 |  16.7
       D:10 |     607 |     923 |  60.3 |       8 |      13 |  61.9
    Ossuary |       0 |     178 | 100.0 |       0 |      39 | 100.0
            +---------+---------+-------+---------+---------+-------
